 Dungeon Crawl Stone Soup version 0.25-a0-492-g44cc58d149 (webtiles) character file.

Game seed: 221612014509894585, levelgen mode: deterministic

92 mopl the Stinger (level 4, 0/30 HPs)
             Began as a Demonspawn Venom Mage on Feb 11, 2020.
             Succumbed to an adder's poison
             ... on level 2 of the Dungeon.
             The game lasted 00:03:12 (1418 turns).

mopl the Stinger (Demonspawn Venom Mage)            Turns: 1418, Time: 00:03:12

Health: 0/30       AC:  2    Str:  6 (8)  XL:     4   Next: 35%
Magic:  2/8        EV: 12    Int: 15 (17) God:
Gold:   95         SH:  0    Dex: 13 (14) Spells: 2/8 levels left

rFire    . . .     SeeInvis .   u - +4 mace
rCold    . . .     Gourm    .   (no shield)
rNeg     . . .     Faith    .   a - +0 robe
rPois    .         Spirit   .   (no helmet)
rElec    .         Reflect  .   (no cloak)
rCorr    .         Harm     .   (no gloves)
MR       .....                  (no boots)
Stlth    ++........             (no amulet)
HPRegen  0.10/turn              (no ring)
MPRegen  0.11/turn              (no ring)

@: lethally poisoned (0 -> -9), very slightly contaminated
A: hooves 1, powered by pain 2
a: no special abilities


You were on level 2 of the Dungeon.
You were not hungry.

You visited 1 branch of the dungeon, and saw 2 of its levels.

You collected 95 gold pieces.

Inventory:

Hand Weapons
 b - a +0 dagger
 u - a +4 mace (weapon)
Missiles
 h - 3 boomerangs (quivered)
 m - 10 poisoned darts
Armour
 a - a +0 robe (worn)
Scrolls
 f - a scroll of teleportation {unknown}
 g - a scroll of fear {unknown}
 i - a scroll of remove curse {unknown}
 l - 2 scrolls of amnesia {unknown}
 o - a scroll of magic mapping {unknown}
 r - a scroll of enchant weapon {unknown}
Potions
 d - a potion of invisibility
 e - a potion of resistance
 j - a potion of ambrosia
 k - 2 potions of degeneration
 n - a potion of flight
 p - a potion of haste {unknown}
 t - a potion of lignification {unknown}
 v - a potion of might {unknown}
Comestibles
 c - 5 rations
 s - a chunk of flesh


   Skills:
 - Level 1.7 Dodging
 - Level 1.7 Stealth
 * Level 2.8 Spellcasting
 + Level 1.9 Transmutations
 + Level 0.6 Fire Magic
 + Level 1.2 Air Magic
 * Level 3.6 Poison Magic


You had 2 spell levels left.
You knew the following spells:

 Your Spells              Type           Power        Failure   Level  Hunger
a - Sting                 Tmut/Pois      ##..         6%          1    #......
b - Poisonous Vapours     Pois/Air       #.....       12%         2    ##.....
g - Ignite Poison         Fire/Tmut/Pois #.......     26%         3    ###....

Your spell library contained the following spells:

 Spells                   Type           Power        Failure   Level  Hunger
 Mephitic Cloud           Conj/Pois/Air  #.......     30%         3    ###....
 Olgreb's Toxic Radiance  Pois           ##......     41%         4    #####..


Dungeon Overview and Level Annotations

Branches:
Dungeon (2/15)

Altars:


Innate Abilities, Weirdness & Mutations

You have large cloven feet.
You sometimes gain power by taking damage.


Message History

You barely miss the adder. Your kick misses the adder.
The adder is heavily wounded.
You feel sick. The adder bites you. The adder barely misses you.
You barely miss the adder.
The adder is heavily wounded.
You feel sick. The adder bites you.
You are lethally poisoned!
The adder poisons you! The adder barely misses you.
You closely miss the adder.
The adder is heavily wounded.
* * * LOW HITPOINT WARNING * * *
You feel sick. The adder bites you.
* * * LOW HITPOINT WARNING * * *
The adder bites you.
* * * LOW HITPOINT WARNING * * *
The frilled lizard barely misses you.
It was a potion of degeneration.
There was something very wrong with that liquid.
You feel weakened.
You feel dopey.
You feel clumsy.
You die...

.#.....#.###..##%.....#
.##..#........##......#
####..........##......#
#######...............#
......................#
....÷..........#..?..?#
............>..#......#
♣.♣....#####.###..<...#
.^.....# #..###@.#####
♣.♣....####.....Sl#
.......#....#####..#
♣.♣....#....# #.#
########....# ..#
#....P. #.# #...PP≈P≈
$. #..P≈≈≈PPP≈ ..#
#..P≈P♣♣♣♣♣


You could see an adder and a frilled lizard.

Vanquished Creatures
  6 adders (D:2)
  An ooze (D:2)
  3 dart slugs
  4 goblins (D:1)
  2 hobgoblins (D:2)
  2 jackals (D:2)
  A quokka (D:2)
  6 bats
  A frilled lizard (D:1)
  3 kobolds (D:2)
  5 rats
34 creatures vanquished.

Notes
Turn   | Place    | Note
-------+----------+-------------------------------------------
     0 | D:1      | mopl the Demonspawn Venom Mage began the quest for the Orb.
     0 | D:1      | Reached XP level 1. HP: 13/13 MP: 3/3
    24 | D:1      | Reached skill level 1 in Transmutations
   415 | D:1      | Gained mutation: You sometimes gain a little power by
                  | taking damage. [demonic ancestry]
   415 | D:1      | Reached XP level 2. HP: 18/19 MP: 1/5
   419 | D:1      | Learned a level 2 spell: Poisonous Vapours
   872 | D:2      | Gained mutation: You have large cloven feet. [demonic
                  | ancestry]
   872 | D:2      | Reached XP level 3. HP: 20/24 MP: 3/6
   877 | D:2      | Learned a level 3 spell: Ignite Poison
  1121 | D:2      | Reached skill level 1 in Air Magic
  1208 | D:2      | Gained mutation: You sometimes gain power by taking damage.
                  | [demonic ancestry]
  1208 | D:2      | Reached XP level 4. HP: 13/30 MP: 2/8
  1417 | D:2      | HP: 1/30 [adder (5)]
  1418 | D:2      | Succumbed to an adder's poison

Levels and vault maps discovered:
D:1:      lightli_molten_gateway, layout_basic, nrook_uturn
D:2:      layout_rooms, first_ration, serial_forest,
          infiniplex_forest_lined_room_, infiniplex_forest_straight_4,
          infiniplex_forest_clump_medium, infiniplex_forest_zigzag_1,
          infiniplex_forest_join, serial_bayou_pond_c, minmay_tromino_i4

Skill      XL: |  1  2  3 |
---------------+----------+-----
Transmutations | 1 |  1.9
Air Magic      | 1 |  1.2
Dodging        | |  1.7
Stealth        | |  1.7
Spellcasting   | |  2.8
Fire Magic     | |  0.6
Poison Magic   | |  3.6

Action                   |  1- 3 |  4- 6 || total
-------------------------+-------+-------++-------
Melee: Dagger            |    49 |       ||    49
       Mace              |     6 |    14 ||    20
       Kick              |       |     4 ||     4
 Cast: Sting             |    31 |     4 ||    35
       Poisonous Vapours |     5 |     2 ||     7
  Use: Scroll            |     4 |       ||     4
       Potion            |       |     1 ||     1
 Stab: Sleeping          |     2 |       ||     2
  Eat: Chunk             |     2 |       ||     2
Armor: Robe              |    15 |     1 ||    16
Dodge: Dodged            |    63 |    14 ||    77

Table legend:
 A = Non-vault XP
 B = Vault XP
 C = Vault XP percentage of total XP
 D = Non-vault monster count
 E = Vault monster count
 F = Vault count percentage of total count
                 A         B        C        D         E       F
            +---------+---------+-------+---------+---------+-------
      Total |     131 |       1 |   0.8 |      33 |       1 |   2.9
            +---------+---------+-------+---------+---------+-------
        D:1 |      22 |       0 |   0.0 |      13 |       0 |   0.0
        D:2 |     109 |       1 |   0.9 |      20 |       1 |   4.8
            +---------+---------+-------+---------+---------+-------
